 Dungeon Crawl Stone Soup version 0.29.1-13-g9f3cf754e1 (webtiles) character file.

Game seed: 17861282411720794162

23 retardedninja the Ducker (level 3, -11/25 HPs)
             Began as a Djinni Fire Elementalist on Jan 26, 2023.
             Mangled by a gnoll
             ... wielding a +0 halberd
              (13 damage)
             ... on level 2 of the Dungeon.
             The game lasted 00:04:04 (3229 turns).

retardedninja the Ducker (Djinni Fire Elementalist) Turns: 3229, Time: 00:04:04

Health: -11/25     AC:  2    Str:  7    XL:     3   Next: 10%
Gold:   71         EV: 12    Int: 18    God:
                   SH:  0    Dex: 13

rFire   + + .      SeeInvis .   (no weapon)
rCold   x . .      Faith    .   (no shield)
rNeg    . . .      Spirit   .   a - +0 robe
rPois   ∞          Reflect  .   (helmet currently unavailable)
rElec   .          Harm     .   (no cloak)
rCorr   .          Rampage  .   (no gloves)
Will    .....                   (boots unavailable)
Stlth   ++........              (no amulet)
HPRegen 0.08/turn               (no ring)
MPRegen 0.00/turn               (no ring)

@: mighty, appendages (expiring), flying
A: horns 2, flying, sickness immunity, fire resistance 2, cold vulnerability 1,
float, innate caster, HP casting, extra vitality 1
a: End Transformation


You were on level 2 of the Dungeon.
You had temporarily grown beastly horns.
You visited 1 branch of the dungeon, and saw 2 of its levels.

You collected 71 gold pieces.

Inventory:

Armour
 a - a +0 robe (worn)
Jewellery
 e - a ring of positive energy
Scrolls
 b - 2 scrolls of enchant armour {unknown}
 d - a scroll of butterflies {unknown}
 g - a scroll of enchant weapon {unknown}
 h - a scroll of identify {unknown}
Potions
 f - a potion of might


   Skills:
 + Level 2.7 Dodging
 + Level 2.1 Stealth
 + Level 2.7 Spellcasting


You couldn't memorise any spells.
You knew the following spells:

 Your Spells              Type           Power      Damage    Failure   Level
a - Foxfire               Conj/Fire      48%        2x1d6     5%          1
b - Scorch                Fire           24%        2d6       9%          2
c - Conjure Flame         Conj/Fire      12%        6-21      17%         3
d - Inner Flame           Hex/Fire       12%        N/A       17%         3
e - Flame Wave            Conj/Fire      12%        2d6       50%         4
f - Beastly Appendage     Tmut           24%        N/A       5%          1
Your spell library was empty.

Dungeon Overview and Level Annotations

Branches:
Dungeon (2/15)

Altars:

Shops:
D:1 =


Innate Abilities, Weirdness & Mutations

You have temporarily grown beastly horns.
You are flying.
You are immune to sickness and miasma.
You are immune to poison.
Your flesh is very heat resistant. (rF++)
You are vulnerable to cold. (rC-)
You float through the air rather than walking.
You learn spells naturally, not from books.
Your magical power is your life essence.
You have superior vitality. (+4 MHP)


Message History

The rat closely misses you.
You closely miss the rat. You headbutt the rat.
The rat is moderately wounded.
The giant cockroach bites you.
The gnoll hits you from afar with a +0 halberd!
* * * LOW HITPOINT WARNING * * *
The rat bites you.
* * * LOW HITPOINT WARNING * * *
It was a potion of might.
You feel very mighty all of a sudden.
The giant cockroach bites you but does no damage.
The gnoll barely misses you. The rat closely misses you.
Your magical contamination has completely faded away.
It was a potion of curing.
You feel better. The giant cockroach bites you. The gnoll barely misses you.
The rat barely misses you.
You need no library to learn spells.
Casting: Beastly Appendage (safe; 5% risk of failure)
Confirm with . or Enter, or press ? or * to list all spells.
You aren't experienced enough to cast this spell.
The rat attacks as you move away! The rat closely misses you.
The giant cockroach attacks as you move away!
The giant cockroach closely misses you. x2
Your transformation is almost over.
You are too injured to fight recklessly!
Casting: Foxfire (safe; 5% risk of failure)
Press: ? - help, Q - select action, (/) - cycle Dir - look around, f - activate You conjure some foxfire!
The giant cockroach bites you but does no damage.
The gnoll barely misses you.
The foxfire hits the giant cockroach.
The giant cockroach is severely wounded.
The giant cockroach barely misses you.
The gnoll hits you from afar with a +0 halberd!
* * * LOW HITPOINT WARNING * * *
The giant cockroach misses you.
Your foxfire dissipates!
The giant cockroach bites you but does no damage.
The gnoll hits you from afar with a +0 halberd!
Ouch! That really hurt!
You die...

####.#.#.#######.# #...#
##.....# #.# #...#
#####......# #.# #...#
#...>.##.#.# #.###...##
#.....##.#.# #.........
#........#.# #........#
#.....####.#######.).......
#.....####.Bgr.....###...##
#####.....@##..##### #...#
#########.## ###...## #.#
#....... #.# #.#...#. #.#
#B#...#. #.# #.#..... #.#
#B#####. ..# #r###... ###
#.......


You could see a gnoll, a giant cockroach and a rat.

Vanquished Creatures
  A dart slug (D:1)
  4 bats (D:1)
  2 giant cockroaches (D:1)
  3 goblins
  A hobgoblin (D:1)
  4 ball pythons (D:1)
  2 frilled lizards (D:1)
  2 kobolds (D:1)
  2 rats (D:1)
21 creatures vanquished.

Vanquished Creatures (others)
  78 foxfires
78 creatures vanquished.

Grand Total: 99 creatures vanquished

Notes
Turn   | Place    | Note
-------+----------+-------------------------------------------
     0 | D:1      | retardedninja the Djinni Fire Elementalist began the quest
                  | for the Orb.
     0 | D:1      | retardedninja set off with the following spells memorised:
                  | Foxfire, Scorch, Conjure Flame, Inner Flame, Flame Wave.
     0 | D:1      | Reached XP level 1. HP: 15/15 MP: 0/0
   215 | D:1      | Reached XP level 2. HP: 2/21 MP: 0/0
  1266 | D:1      | Found a faded altar of an unknown god.
  1961 | D:1      | Reached XP level 3. HP: 19/25 MP: 0/0
  1961 | D:1      | Learned a level 1 spell: Beastly Appendage
  2881 | D:1      | Found Bagheym's One-of-a-Kind Rings.
  3217 | D:2      | HP: 1/25 [rat (1)]
  3229 | D:2      | Mangled by a gnoll

Illustrated notes

Levels and vault maps discovered:
D:1:      enne_arrival_octagon_isle, layout_loops_ring,
          nicolae_ecumenical_snake_handling, nicolae_shop_unique_rings
D:2:      layout_loops_cross, serial_shops, nicolae_shop_hallway_plus,
          supply_closet_lemuel, minmay_tripent

Skill      XL: |  1  2 |
---------------+-------+-----
Stealth        | 2 |  2.1
Dodging        | |  2.7
Spellcasting   | |  2.7

Action                   || total
-------------------------++-------
Melee: Unarmed           ||    21
       Headbutt          ||     1
 Cast: Foxfire           ||    47
       Beastly Appendage ||     3
       Scorch            ||     1
  Use: Potion            ||     2
Armor: Robe              ||    16
Dodge: Dodged            ||    69
